 Dungeon Crawl Stone Soup version 0.20.1-2-g1830e616b0 (webtiles) character file.

695 Alfie the Vandal (level 7, -1/52 HPs)
             Began as a Human Hunter on Jan 13, 2020.
             Slain by Blork the orc
             ... wielding a +0 trident
              (3 damage)
             ... on level 4 of the Dungeon.
             The game lasted 00:14:58 (2797 turns).

Alfie the Vandal (Human Hunter)                     Turns: 2797, Time: 00:14:58

Health: -1/52      AC:  4    Str: 14    XL:     7   Next: 96%
Magic:  7/7        EV: 12    Int: 12    God:
Gold:   176        SH:  0    Dex: 13    Spells: 6/6 levels left

rFire    . . .     SeeInvis .   b - +0 short sword
rCold    . . .     Gourm    .   (no shield)
rNeg     . . .     Faith    .   c - +0 leather armour
rPois    .         Spirit   .   (no helmet)
rElec    .         Reflect  .   s - +0 cloak
rCorr    .         Harm     .   (no gloves)
MR       .....                  (no boots)
Stlth    ++........             (no amulet)
Regen    0.2/turn               (no ring)
MPRegen  0.1/turn               (no ring)

@: no status effects
A: no striking features
a: no special abilities


You were on level 4 of the Dungeon.
You were not hungry.

You visited 1 branch of the dungeon, and saw 4 of its levels.

You collected 176 gold pieces.

Inventory:

Hand Weapons
 a - a +1 shortbow
 b - a +0 short sword (weapon)
 g - a +2 hunting sling of freezing
Missiles
 d - 40 arrows
 o - 149 stones (quivered)
 v - 4 tomahawks
Armour
 c - a +0 leather armour (worn)
 s - a +0 cloak (worn)
Jewellery
 i - an uncursed ring of magical power {unknown}
 k - a cursed ring of loudness {unknown}
 t - an uncursed ring of resist corrosion
 u - a cursed -2 ring of intelligence {unknown}
 x - an uncursed ring of protection from fire {unknown}
Scrolls
 n - a scroll of teleportation
 y - a scroll of remove curse
Potions
 e - 3 potions of flight
 j - 2 potions of mutation {unknown}
 l - a potion of magic {unknown}
 p - 2 potions of cancellation {unknown}
 q - a potion of berserk rage {unknown}
Comestibles
 f - 5 bread rations
 m - a royal jelly
 r - 4 fruits


   Skills:
 + Level 3.6 Fighting
 + Level 5.6 Slings
 + Level 5.2 Bows
 + Level 1.8 Armour
 + Level 2.7 Dodging
 + Level 1.7 Stealth


You had 6 spell levels left.
You didn't know any spells.

Dungeon Overview and Level Annotations

Branches:
Dungeon (4/15)             Temple (0/1) D:4

Altars:
Elyvilon

Annotations:
D:3 Crazy Yiuf
D:4 Blork the orc


Message History

You see here a stone.
You clumsily bash something but do no damage.
Something hits you!
* * * LOW HITPOINT WARNING * * *
You clumsily bash something but do no damage.
Something hits you.
* * * LOW HITPOINT WARNING * * *
Wield which item (- for none, * to show all)? (? for menu, Esc to quit)
Your +2 hunting sling of freezing stops glowing.
b - a +0 short sword (weapon)
Something hits you.
* * * LOW HITPOINT WARNING * * *
You feel better. Something hits you.
* * * LOW HITPOINT WARNING * * *
Something hits you.
* * * LOW HITPOINT WARNING * * *
You see here a stone.
You hit something. Something hits you.
You die...

.#.##.#.#.#§#§#
...........§§§§
#######..############
..{.(....# #.#
####.#### #(......#
#.#####.# #@#
#.########## #.#
#........... #.#
#.##########
#.#####.# #..<....#
#########


There were no monsters in sight!

Vanquished Creatures
  The ghost of Alfie the Shooter, an amateur HuHu (D:4)
  2 phantoms (D:4)
  3 orc priests
  A hound (D:3)
  Jessica (D:2)
  3 gnolls (D:4)
  4 adders
  4 oozes
  5 worms
  A dart slug (D:2)
  5 leopard geckos
  5 orcs
  6 giant cockroaches
  8 goblins
  3 hobgoblins
  3 jackals (D:2)
  4 kobolds
  2 quokkas (D:4)
  3 ball pythons
  7 bats
  6 frilled lizards
  6 rats
83 creatures vanquished.

Notes
Turn   | Place    | Note
-------+----------+-------------------------------------------
     0 | D:1      | Alfie the Human Hunter began the quest for the Orb.
     0 | D:1      | Reached XP level 1. HP: 16/16 MP: 1/1
    70 | D:1      | Reached XP level 2. HP: 20/22 MP: 2/2
   603 | D:2      | Reached XP level 3. HP: 27/27 MP: 3/3
   650 | D:2      | Noticed Jessica
   653 | D:2      | Killed Jessica
   653 | D:2      | Reached skill level 5 in Bows
   653 | D:2      | Reached XP level 4. HP: 34/34 MP: 4/4
  1472 | D:3      | Reached skill level 1 in Slings
  1472 | D:3      | Reached XP level 5. HP: 30/39 MP: 5/5
  1826 | D:3      | Reached skill level 1 in Armour
  1984 | D:3      | Found a white marble altar of Elyvilon.
  1999 | D:3      | Reached XP level 6. HP: 47/47 MP: 6/6
  2060 | D:3      | Found a runed door.
  2220 | D:3      | Noticed Crazy Yiuf
  2274 | D:4      | Noticed a phantom
  2295 | D:4      | Killed a phantom
  2305 | D:4      | Noticed a phantom
  2326 | D:4      | Killed a phantom
  2326 | D:4      | Reached XP level 7. HP: 30/52 MP: 7/7
  2477 | D:4      | Noticed Alfie's ghost (amateur HuHu)
  2491 | D:4      | Killed Alfie's ghost
  2491 | D:4      | Reached skill level 5 in Slings
  2625 | D:4      | Found a staircase to the Ecumenical Temple.
  2759 | D:4      | Noticed Blork the orc
  2796 | D:4      | HP: 1/52 [something (5)]
  2797 | D:4      | Slain by Blork the orc

Skill      XL: |  1  2  3  4  5  6  7 |
---------------+----------------------+-----
Bows           | 5 |  5.2
Slings         | 1 2 4 5 |  5.6
Armour         | 1 |  1.8
Fighting       | 3 |  3.6
Dodging        | |  2.7
Stealth        | |  1.7

Action                   |  1- 3 |  4- 6 |  7- 9 || total
-------------------------+-------+-------+-------++-------
Melee: Short sword       |       |       |    25 ||    25
       Hunting sling     |       |       |     2 ||     2
 Fire: Shortbow          |    55 |     6 |     6 ||    67
       Hunting sling     |       |   151 |    62 ||   213
  Use: Scroll            |     3 |     8 |     1 ||    12
       Potion            |       |     1 |     3 ||     4
  Eat: Bread ration      |       |     1 |     1 ||     2
Armor: Leather armour    |       |    14 |     6 ||    20
Dodge: Dodged            |     6 |    28 |    34 ||    68
